 Dungeon Crawl Stone Soup version 0.29-a0-472-ge5599a681e (webtiles) character file.

Game seed: 11707509009631320341

54 quokkamancerX the Bolt Thrower (level 4, -2/33 HPs)
             Began as a Human Hunter on May 23, 2022.
             Succumbed to Sigmund's poison
             ... on level 2 of the Dungeon.
             The game lasted 00:02:46 (986 turns).

quokkamancerX the Bolt Thrower (Human Hunter)        Turns: 986, Time: 00:02:47

Health: -2/33      AC:  3    Str: 13    XL:     4   Next: 12%
Magic:  4/4        EV: 12    Int: 10    God:
Gold:   84         SH:  0    Dex: 16    Spells: 3/3 levels left

rFire   . . .      SeeInvis .   a - +1 hand crossbow
rCold   . . .      Faith    .   (no shield)
rNeg    . . .      Spirit   .   j - +0 leather armour
rPois   .          Reflect  .   (no helmet)
rElec   .          Harm     .   (no cloak)
rCorr   .          Rampage  .   (no gloves)
Will    .....                   (no boots)
Stlth   +.........              (no amulet)
HPRegen 0.11/turn               (no ring)
MPRegen 0.09/turn               (no ring)

@: confused, lethally poisoned (-2 -> -16)
A: no striking features
a: no special abilities


You were on level 2 of the Dungeon.
You visited 1 branch of the dungeon, and saw 2 of its levels.

You collected 84 gold pieces.

Inventory:

Hand Weapons
 a - a +1 hand crossbow (weapon)
 b - a +0 long sword
Armour
 j - a +0 leather armour (worn)
Scrolls
 c - 2 scrolls of immolation
 d - 2 scrolls of identify {unknown}
 e - 2 scrolls of amnesia {unknown}
 f - 2 scrolls of teleportation {unknown}
 g - a scroll of poison {unknown}
 i - a scroll of brand weapon {unknown}
Potions
 h - a potion of lignification {unknown}


   Skills:
 - Level 2.0 Fighting
 + Level 4.7 Crossbows
 - Level 2.0 Dodging
 + Level 2.8 Stealth


You had 3 spell levels left.
You didn't know any spells.
Your spell library was empty.

Dungeon Overview and Level Annotations

Branches:
Dungeon (2/15)

Altars:

Annotations:
D:2 Sigmund


Message History

Sigmund is moderately wounded.
A bat comes into view.
Sigmund points at you and mumbles some strange words.
You resist with some effort.
You shoot a bolt. The bolt hits Sigmund.
Sigmund is heavily wounded.
You shoot a bolt. The bolt misses the bat.
The bolt hits Sigmund.
Sigmund is heavily wounded.
The bat hits you. The bat hits you but does no damage.
You shoot a bolt. The bolt barely misses the bat.
The bolt hits Sigmund.
Sigmund is heavily wounded.
The bat barely misses you.
Sigmund points at you and mumbles some strange words.
The magic dart hits you.
You shoot a bolt. The bolt hits the bat!
You kill the bat!
Sigmund gestures at you while chanting. You resist with some effort.
You shoot a bolt. The bolt closely misses Sigmund.
You shoot a bolt. The bolt closely misses Sigmund.
Sigmund gestures at you while chanting.
You are confused.
You shoot a bolt.
Sigmund hits you from afar with a +1 scythe of venom!
You are poisoned.
You shoot a bolt.
You feel very sick.
Sigmund hits you from afar with a +1 scythe of venom.
You are lethally poisoned!
You shoot a bolt. The bolt hits Sigmund!
Sigmund is severely wounded.
* * * LOW HITPOINT WARNING * * *
You feel extremely sick. Sigmund barely misses you.
You shoot a bolt.
* * * LOW HITPOINT WARNING * * *
You feel very sick. Sigmund closely misses you.
You shoot a bolt.
You die...

...............##
......†.)......#
.....8.....8...#
...............#
...............##
...............##
##########+###.#
#.###.# #....@#
#####.# .@. .....
....... .........
...........
#............


You could see Sigmund.

Vanquished Creatures
  3 dart slugs (D:1)
  5 endoplasms
  2 giant cockroaches (D:1)
  5 goblins
  4 hobgoblins
  5 jackals (D:1)
  2 kobolds (D:1)
  A quokka (D:1)
  3 ball pythons (D:1)
  4 bats
  3 frilled lizards
  5 rats (D:1)
42 creatures vanquished.

Notes
Turn   | Place    | Note
-------+----------+-------------------------------------------
     0 | D:1      | quokkamancerX the Human Hunter began the quest for the Orb.
     0 | D:1      | Reached XP level 1. HP: 16/16 MP: 1/1
   192 | D:1      | Reached XP level 2. HP: 22/22 MP: 2/2
   309 | D:1      | Reached XP level 3. HP: 27/27 MP: 3/3
   815 | D:2      | Reached XP level 4. HP: 33/33 MP: 4/4
   974 | D:2      | Noticed Sigmund
   986 | D:2      | Succumbed to Sigmund's poison

Illustrated notes

Levels and vault maps discovered:
D:1:      dpeg_chamrin_arrival_tetris, layout_rooms, minmay_liquid_box
D:2:      layout_basic, basic_ecumenical_altar, minmay_misc_feat_chi,
          st_stairs_1, minmay_goblin_kobold_house, uniq_crazy_yiuf_cottage,
          uniq_sigmund

Skill      XL: |  1  2 |
---------------+-------+-----
Stealth        | 2 |  2.8
Fighting       | |  2.0
Crossbows      | |  4.7
Dodging        | |  2.0

Action                   |  1- 3 |  4- 6 || total
-------------------------+-------+-------++-------
 Fire: Hand crossbow     |    81 |    25 ||   106
Armor: Leather armour    |    12 |     1 ||    13
Dodge: Dodged            |    28 |     5 ||    33

Table legend: (Time is in decaauts)
 A = Elapsed time spent in this place.
 B = Non-inter-level travel time spent in this place.
 C = Inter-level travel time spent in this place.
 D = Time resting spent in this place.
 E = Time spent auto-exploring this place.
 F = Levels seen in this place.
 G = Mean time per level.
                   A        B        C        D        E       F      G
               +--------+--------+--------+--------+--------+-----+--------+
         Total |   1020 |    981 |     39 |    100 |    563 |   2 |  510.0 |
       Dungeon |   1020 |    981 |     39 |    100 |    563 |   2 |  510.0 |
               +--------+--------+--------+--------+--------+-----+--------+

Top non-repeatable levels by time:
     D:1: 831 daAuts
     D:2: 188 daAuts
